Vancouver Canucks vs Montreal Canadiens
Created - Monday, June 5, 2023 at 10:03
Goals
|
| Vancouver Canucks |
1 |
3 |
1 |
5 |
| Montreal Canadiens |
1 |
1 |
1 |
3 |
|
Shots
|
| Vancouver Canucks |
9 |
21 |
9 |
39 |
| Montreal Canadiens |
12 |
12 |
11 |
35 |
|
1st period
1. Vancouver Canucks , Aleksander Barkov 26 (Clayton Keller 40, Mikko Rantanen 40) at 13:21 (PP)
2. Montreal Canadiens , Patrik Laine 26 (Jonathan Marchessault 16, Dylan Larkin 26) at 13:42
Penalties :
Tyson Jost (MTL) for Holding Stick (Minor) at 2:39, Nikita Zadorov (VAN) for Roughing (Minor) at 9:28, Scott Mayfield (MTL) for Hooking (Minor) at 13:14, Robby Fabbri (VAN) for Holding Stick (Minor) at 14:43
2nd period
3. Montreal Canadiens , Patrik Laine 27 (Martin Necas 14, Filip Hronek 23) at 6:54
4. Vancouver Canucks , Casey Mittelstadt 8 (Artturi Lehkonen 15, Robby Fabbri 20) at 7:24
5. Vancouver Canucks , Robby Fabbri 15 (Noah Hanifin 21, Artturi Lehkonen 16) at 14:04
6. Vancouver Canucks , Clayton Keller 27 (Mikko Rantanen 41, Aleksander Barkov 59) at 19:14
Penalties :
Nikita Zadorov (VAN) for Boarding (Minor) at 0:45, Alex Formenton (VAN) for Hooking (Minor) at 1:08
3rd period
7. Vancouver Canucks , Artturi Lehkonen 15 (Casey Mittelstadt 7) at 4:27
8. Montreal Canadiens , Tyson Jost 8 (Miles Wood 9, Adam Fox 29) at 6:26
Penalties :
Alex Formenton (VAN) for Hooking (Minor) at 14:44
Goalie Stats
Ville Husso (VAN), 32 saves from 35 shots - (0.914), W, 17-10-5, 60:00 minutes
Jacob Markstrom (MTL), 34 saves from 39 shots - (0.872), L, 26-18-7, 60:00 minutes
Players Stats for Vancouver Canucks
Player Name G A P +/- PIM S H SB GA TA FO MP PP MP PK MP
------------------------------------------------------------------------------------
Adam Boqvist 0 0 0 -1 0 1 1 2 0 1 0/0 21:41 1:05 3:29
Aleksander Barkov 1 1 2 1 0 8 0 1 3 0 19/25 22:23 0:58 3:04
Alex Formenton 0 0 0 0 4 0 1 0 0 0 0/0 13:55 1:08 2:22
Artturi Lehkonen 1 2 3 0 0 3 2 1 0 0 0/0 13:57 0:00 0:00
Casey Mittelstadt 1 1 2 0 0 3 0 1 0 1 12/20 18:05 1:08 2:04
Clayton Keller 1 1 2 1 0 4 2 2 1 0 1/4 21:24 0:58 2:30
Jacob Bryson 0 0 0 2 0 0 0 0 0 0 0/0 12:46 0:00 1:09
Jesperi Kotkaniemi 0 0 0 0 0 0 0 0 0 1 3/5 12:25 0:00 1:09
Kasperi Kapanen 0 0 0 0 0 1 2 1 0 0 0/0 10:42 1:08 0:00
Mikko Rantanen 0 2 2 1 0 2 0 0 1 0 1/5 22:38 0:58 3:37
Miro Heiskanen 0 0 0 0 0 1 0 0 0 0 0/0 5:03 0:00 0:38
Nathan Smith 0 0 0 0 0 0 1 0 0 0 0/2 7:33 0:00 0:00
Nikita Zadorov 0 0 0 -1 4 3 3 3 0 2 0/0 25:34 1:01 2:09
Noah Cates 0 0 0 0 0 1 0 0 0 1 0/0 7:33 0:00 0:00
Noah Hanifin 0 1 1 0 0 3 2 1 0 1 0/0 29:10 1:01 4:50
Olli Maatta 0 0 0 2 0 2 1 1 0 0 0/0 23:45 1:05 4:36
Robby Fabbri 1 1 2 0 2 3 1 0 1 0 0/0 13:53 0:00 0:02
Taylor Raddysh 0 0 0 0 0 4 1 0 1 0 0/1 7:33 0:00 0:00
Players Stats for Montreal Canadiens
Player Name G A P +/- PIM S H SB GA TA FO MP PP MP PK MP
------------------------------------------------------------------------------------
Adam Fox 0 1 1 0 0 5 1 0 4 2 0/0 26:18 5:27 0:56
Alexandre Carrier 0 0 0 0 0 0 1 0 0 2 0/0 15:22 0:00 1:10
Brady Skjei 0 0 0 -1 0 0 2 1 0 0 0/0 19:35 2:52 1:10
Christian Fischer 0 0 0 0 0 2 0 0 1 0 0/0 9:58 0:03 1:01
Dylan Larkin 0 1 1 1 0 2 0 0 0 0 6/15 19:40 5:27 0:09
Filip Forsberg 0 0 0 -3 0 3 2 0 0 0 1/2 19:09 4:29 0:00
Filip Hronek 0 1 1 -1 0 1 0 1 0 0 0/0 18:05 2:52 0:00
Jake Evans 0 0 0 1 0 1 2 0 0 0 0/2 13:53 0:24 1:05
Jonathan Marchessault 0 1 1 1 0 2 0 0 0 0 0/0 17:25 3:36 0:00
Laurent Dauphin 0 0 0 0 0 1 0 0 0 0 0/0 8:32 0:00 0:00
Martin Necas 0 1 1 -3 0 0 2 1 0 0 0/0 19:25 3:36 1:05
Miles Wood 0 1 1 1 0 2 2 0 0 2 0/0 15:14 3:36 0:00
Patrik Laine 2 0 2 1 0 6 0 0 2 0 0/1 18:21 4:30 0:00
Scott Mayfield 0 0 0 0 2 1 1 0 0 0 0/0 14:06 0:00 0:00
Sidney Crosby 0 0 0 -3 0 4 3 1 0 0 14/27 19:09 4:29 0:00
Tomas Nosek 0 0 0 0 0 0 1 0 0 0 1/4 10:12 0:00 0:52
Tyler Myers 0 0 0 0 0 1 3 2 0 1 0/0 20:19 0:00 0:56
Tyson Jost 1 0 1 1 2 4 1 0 0 0 4/11 13:09 0:14 0:00
3 Stars
1 - Artturi Lehkonen (VAN)
2 - Clayton Keller (VAN)
3 - Patrik Laine (MTL)
Power Play
Vancouver Canucks - 1 on 2 Attempt(s) - 50.00%
Montreal Canadiens - 0 on 5 Attempt(s) - 0.00%
Penalty Kill
Vancouver Canucks - 5 on 5 Attempt(s) - 100.00%
- Score 0 goal in Penalty Kill
Montreal Canadiens - 1 on 2 Attempt(s) - 50.00%
- Score 0 goal in Penalty Kill
Team Stat
Vancouver Canucks - Hits : 17 - Faceoff Wins : 36 - Blocked Shots : 13 - Penalty Minutes : 10
Montreal Canadiens - Hits : 21 - Faceoff Wins : 26 - Blocked Shots : 6 - Penalty Minutes : 4
Official
Referees : Dean Morton and Graham Skiliter
Linesman : Mark Wheler and Brian Murphy
Game Notes
Miro Heiskanen is injured at 13:36 of 1st period (Back)
13:42 of 1st period - Montreal Canadiens goal is going for a video replay. After video review, Goal.
Finance
Level 1 -- Attendance: 5580 (93.00%) -- Ticket Income $502,200
Level 2 -- Attendance: 4526 (90.52%) -- Ticket Income $226,300
Level 3 -- Attendance: 2733 (91.10%) -- Ticket Income $81,990
Level 4 -- Attendance: 4542 (90.84%) -- Ticket Income $90,840
Luxury Box -- Attendance: 854 (85.40%) -- Ticket Income $166,530
Game was played at the Bell Centre.
Total Attendance: 18235 (91.18%)
Total Ticket Income: $1,067,860
Other Income: $373,751
Total Income: $1,441,611
Vancouver Canucks
5 vs 5 Forward
Center Left Wing Right Wing Time % Phy DF OF
1 Aleksander Barkov Clayton Keller Mikko Rantanen 40 1 2 2
2 Casey Mittelstadt Robby Fabbri Artturi Lehkonen 30 1 2 2
3 Jesperi Kotkaniemi Alex Formenton Kasperi Kapanen 20 1 2 2
4 Nathan Smith Noah Cates Taylor Raddysh 10 1 2 2
5 vs 5 Defense
Defense Defense Time % Phy DF OF
1 Miro Heiskanen Noah Hanifin 40 1 2 2
2 Nikita Zadorov Adam Boqvist 30 1 2 2
3 Olli Maatta Jacob Bryson 20 1 2 2
4 Nikita Zadorov Noah Hanifin 10 1 2 2
PowerPlay Forward
Center Left Wing Right Wing Time % Phy DF OF
1 Aleksander Barkov Clayton Keller Mikko Rantanen 60 1 2 2
2 Casey Mittelstadt Kasperi Kapanen Alex Formenton 40 1 2 2
PowerPlay Defense
Defense Defense Time % Phy DF OF
1 Adam Boqvist Olli Maatta 60 1 2 2
2 Nikita Zadorov Noah Hanifin 40 1 2 2
Penalty Kill 4 Players Forward
Center Wing Time % Phy DF OF
1 Mikko Rantanen Alex Formenton 60 1 2 2
2 Aleksander Barkov Clayton Keller 40 1 2 2
Penalty Kill 4 Players Defense
Defense Defense Time % Phy DF OF
1 Noah Hanifin Olli Maatta 60 1 2 2
2 Adam Boqvist Nikita Zadorov 40 1 2 2
Penalty Kill - 3 Players Forward
Forward Time % Phy DF OF
1 Clayton Keller 60 1 2 2
2 Aleksander Barkov 40 1 2 2
Penalty Kill - 3 Players Defense
Defense Defense Time % Phy DF OF
1 Miro Heiskanen Nikita Zadorov 60 1 2 2
2 Noah Hanifin Olli Maatta 40 1 2 2
4 vs 4 Forward
Center Wing Time % Phy DF OF
1 Aleksander Barkov Mikko Rantanen 60 1 2 2
2 Alex Formenton Clayton Keller 40 1 2 2
4 vs 4 Defense
Defense Defense Time % Phy DF OF
1 Nikita Zadorov Noah Hanifin 60 1 2 2
2 Adam Boqvist Olli Maatta 40 1 2 2
Last Minutes Offensive
Center Left Wing Right Wing Defense Defense
Aleksander Barkov Clayton Keller Mikko Rantanen Miro Heiskanen Noah Hanifin
Last Minutes Defensive
Center Left Wing Right Wing Defense Defense
Aleksander Barkov Alex Formenton Clayton Keller Miro Heiskanen Olli Maatta
Goaltenders
Starting : Ville Husso
Backup : Joonas Korpisalo
Extra Forwards
Normal : Aleksander Barkov, Mikko Rantanen, Clayton Keller - PP : Aleksander Barkov, Kasperi Kapanen - PK : Aleksander Barkov
Extra Defensemen
Normal : Nikita Zadorov, Olli Maatta, Noah Hanifin - PP : Nikita Zadorov - PK : Nikita Zadorov, Olli Maatta
Penalty Shots
Aleksander Barkov, Mikko Rantanen, Kasperi Kapanen, Clayton Keller, Alex Formenton
Montreal Canadiens
5 vs 5 Forward
Center Left Wing Right Wing Time % Phy DF OF
1 Sidney Crosby Filip Forsberg Martin Necas 30 1 2 2
2 Dylan Larkin Jonathan Marchessault Patrik Laine 30 1 2 2
3 Tyson Jost Miles Wood Jake Evans 25 1 2 2
4 Tomas Nosek Laurent Dauphin Christian Fischer 15 1 2 2
5 vs 5 Defense
Defense Defense Time % Phy DF OF
1 Adam Fox Tyler Myers 30 1 2 2
2 Brady Skjei Filip Hronek 30 1 2 2
3 Scott Mayfield Alexandre Carrier 25 1 2 2
4 Adam Fox Tyler Myers 15 1 2 2
PowerPlay Forward
Center Left Wing Right Wing Time % Phy DF OF
1 Sidney Crosby Filip Forsberg Patrik Laine 70 1 2 2
2 Martin Necas Jonathan Marchessault Miles Wood 30 1 2 2
PowerPlay Defense
Defense Defense Time % Phy DF OF
1 Adam Fox Dylan Larkin 60 1 2 2
2 Brady Skjei Filip Hronek 40 1 2 2
Penalty Kill 4 Players Forward
Center Wing Time % Phy DF OF
1 Jake Evans Martin Necas 50 1 2 2
2 Tyson Jost Christian Fischer 50 1 2 2
Penalty Kill 4 Players Defense
Defense Defense Time % Phy DF OF
1 Adam Fox Tyler Myers 50 1 2 2
2 Brady Skjei Alexandre Carrier 50 1 2 2
Penalty Kill - 3 Players Forward
Forward Time % Phy DF OF
1 Jake Evans 50 1 2 2
2 Tyson Jost 50 1 2 2
Penalty Kill - 3 Players Defense
Defense Defense Time % Phy DF OF
1 Adam Fox Tyler Myers 50 1 2 2
2 Brady Skjei Alexandre Carrier 50 1 2 2
4 vs 4 Forward
Center Wing Time % Phy DF OF
1 Sidney Crosby Filip Forsberg 50 1 2 2
2 Dylan Larkin Patrik Laine 50 1 2 2
4 vs 4 Defense
Defense Defense Time % Phy DF OF
1 Adam Fox Tyler Myers 50 1 2 2
2 Brady Skjei Filip Hronek 50 1 2 2
Last Minutes Offensive
Center Left Wing Right Wing Defense Defense
Sidney Crosby Filip Forsberg Patrik Laine Adam Fox Dylan Larkin
Last Minutes Defensive
Center Left Wing Right Wing Defense Defense
Jake Evans Christian Fischer Martin Necas Adam Fox Tyler Myers
Goaltenders
Starting : Jacob Markstrom
Backup : Alex Nedeljkovic
Extra Forwards
Normal : Jake Evans, Tyson Jost, Tomas Nosek - PP : Jake Evans, Tyson Jost - PK : Tomas Nosek
Extra Defensemen
Normal : Scott Mayfield, Alexandre Carrier, Brady Skjei - PP : Scott Mayfield - PK : Alexandre Carrier, Brady Skjei
Penalty Shots
Sidney Crosby, Filip Forsberg, Dylan Larkin, Patrik Laine, Jonathan Marchessault
% Time on Ice - Vancouver Canucks
Lines # - Real PCT - Wanted PCT - Time Play
Normal Forward
1 - 38% - 40% - 18:47
2 - 28% - 30% - 13:45
3 - 19% - 20% - 9:30
4 - 15% - 10% - 7:33
Normal Defense
1 - 48% - 40% - 23:54
2 - 29% - 30% - 14:31
3 - 18% - 20% - 9:01
4 - 4% - 10% - 2:09
PP Forward
1 - 46% - 60% - 0:58
2 - 54% - 40% - 1:08
PP Defense
1 - 52% - 60% - 1:05
2 - 48% - 40% - 1:01
PK Forward
1 - 82% - 60% - 5:29
2 - 18% - 40% - 1:14
PK Defense
1 - 60% - 60% - 4:03
2 - 40% - 40% - 2:40
PK3 Forward
1 - 93% - 60% - 1:29
2 - 7% - 40% - 0:07
PK3 Defense
1 - 100% - 60% - 1:36
2 - 0% - 40% - 0:00
44 Forward
1 - 0% - 60%
2 - 0% - 40%
44 Defense
1 - 0% - 60%
2 - 0% - 40%
Last Minute Offensive - 0:00
Last Minute Defensive - 0:00
Total
Forward - 60:00
Defense - 60:00
|
% Time on Ice - Montreal Canadiens
Lines # - Real PCT - Wanted PCT - Time Play
Normal Forward
1 - 31% - 30% - 15:09
2 - 29% - 30% - 14:19
3 - 23% - 25% - 11:35
4 - 17% - 15% - 8:32
Normal Defense
1 - 30% - 30% - 14:40
2 - 31% - 30% - 15:18
3 - 28% - 25% - 14:07
4 - 11% - 15% - 5:30
PP Forward
1 - 57% - 70% - 4:43
2 - 43% - 30% - 3:36
PP Defense
1 - 66% - 60% - 5:27
2 - 34% - 40% - 2:52
PK Forward
1 - 52% - 50% - 1:05
2 - 48% - 50% - 1:01
PK Defense
1 - 44% - 50% - 0:56
2 - 56% - 50% - 1:10
PK3 Forward
1 - 0% - 50%
2 - 0% - 50%
PK3 Defense
1 - 0% - 50%
2 - 0% - 50%
44 Forward
1 - 0% - 50%
2 - 0% - 50%
44 Defense
1 - 0% - 50%
2 - 0% - 50%
Last Minute Offensive - 0:00
Last Minute Defensive - 0:00
Total
Forward - 60:00
Defense - 60:00
|
Play-by-Play
1st period
0:01 of 1st period - Sidney Crosby wins face-off versus Clayton Keller in neutral zone.
0:26 of 1st period - Noah Hanifin is hit by Jake Evans and loses puck.
1:14 of 1st period - Snap shot by Mikko Rantanen.
1:14 of 1st period - Shot Misses the Net.
1:16 of 1st period - Slapshot by Noah Hanifin.
1:16 of 1st period - Shot Misses the Net.
1:34 of 1st period - Slapshot by Aleksander Barkov.
1:34 of 1st period - Shot Misses the Net.
1:36 of 1st period - Snap shot by Noah Hanifin.
1:36 of 1st period - Stopped by Jacob Markstrom without a rebound.
1:37 of 1st period - Tomas Nosek wins face-off versus Casey Mittelstadt in Montreal Canadiens zone.
2:26 of 1st period - Noah Cates is hit by Miles Wood and loses puck.
2:39 of 1st period - Minor Penalty to Tyson Jost for Holding Stick.
2:40 of 1st period - Casey Mittelstadt wins face-off versus Jake Evans in Montreal Canadiens zone.
3:30 of 1st period - Icing by Noah Hanifin.
3:31 of 1st period - Casey Mittelstadt wins face-off versus Tomas Nosek in Vancouver Canucks zone.
4:08 of 1st period - Slapshot by Adam Fox.
4:08 of 1st period - Shot Misses the Net.
4:10 of 1st period - Slapshot by Adam Fox.
4:10 of 1st period - Stopped by Ville Husso with a rebound.
4:12 of 1st period - Snap shot by Adam Fox.
4:12 of 1st period - Shot Misses the Net.
4:28 of 1st period - Jake Evans is hit by Nikita Zadorov and loses puck.
4:39 of 1st period - Penalty to Tyson Jost is over, Tyson Jost is back on ice.
5:40 of 1st period - Wrist shot by Christian Fischer.
5:40 of 1st period - Shot Blocked by Olli Maatta.
5:42 of 1st period - Slapshot by Adam Fox.
5:42 of 1st period - Stopped by Ville Husso with a rebound.
5:44 of 1st period - Wrist shot by Christian Fischer.
5:44 of 1st period - Shot Misses the Net.
5:46 of 1st period - Snap shot by Christian Fischer.
5:46 of 1st period - Shot Misses the Net.
6:45 of 1st period - Snap shot by Clayton Keller.
6:45 of 1st period - Deflect By Aleksander Barkov.
6:45 of 1st period - Stopped by Jacob Markstrom without a rebound.
6:46 of 1st period - Aleksander Barkov wins face-off versus Sidney Crosby in Montreal Canadiens zone.
7:01 of 1st period - Snap shot by Sidney Crosby.
7:01 of 1st period - Stopped by Ville Husso without a rebound.
7:02 of 1st period - Tyson Jost wins face-off versus Casey Mittelstadt in Vancouver Canucks zone.
7:29 of 1st period - Miro Heiskanen is hit by Tyler Myers and loses puck.
7:36 of 1st period - Sidney Crosby is hit by Kasperi Kapanen and loses puck.
7:51 of 1st period - Wrist shot by Patrik Laine.
7:51 of 1st period - Stopped by Ville Husso with a rebound.
7:53 of 1st period - Snap shot by Adam Fox.
7:53 of 1st period - Shot Blocked by Aleksander Barkov.
7:59 of 1st period - Snap shot by Dylan Larkin.
7:59 of 1st period - Stopped by Ville Husso without a rebound.
8:00 of 1st period - Filip Forsberg wins face-off versus Casey Mittelstadt in Vancouver Canucks zone.
8:27 of 1st period - Dylan Larkin is hit by Noah Hanifin and loses puck.
9:28 of 1st period - Minor Penalty to Nikita Zadorov for Roughing.
9:29 of 1st period - Sidney Crosby wins face-off versus Mikko Rantanen in Vancouver Canucks zone.
9:32 of 1st period - Slapshot by Sidney Crosby.
9:32 of 1st period - Stopped by Ville Husso with a rebound.
9:34 of 1st period - Slapshot by Adam Fox.
9:34 of 1st period - Stopped by Ville Husso without a rebound.
9:35 of 1st period - Sidney Crosby wins face-off versus Mikko Rantanen in Vancouver Canucks zone.
11:28 of 1st period - Penalty to Nikita Zadorov is over, Nikita Zadorov is back on ice.
11:57 of 1st period - Miro Heiskanen is hit by Alexandre Carrier and loses puck.
12:06 of 1st period - Jacob Bryson is hit by Tyson Jost and loses puck.
13:01 of 1st period - Off-side.
13:02 of 1st period - Jesperi Kotkaniemi wins face-off versus Tomas Nosek in neutral zone.
13:07 of 1st period - Wrist shot by Clayton Keller.
13:07 of 1st period - Shot Misses the Net.
13:09 of 1st period - Snap shot by Miro Heiskanen.
13:09 of 1st period - Shot Misses the Net.
13:11 of 1st period - Slapshot by Miro Heiskanen.
13:11 of 1st period - Stopped by Jacob Markstrom without a rebound.
13:12 of 1st period - Sidney Crosby wins face-off versus Aleksander Barkov in Montreal Canadiens zone.
13:14 of 1st period - Minor Penalty to Scott Mayfield for Hooking.
13:15 of 1st period - Aleksander Barkov wins face-off versus Jake Evans in Montreal Canadiens zone.
13:21 of 1st period - Wrist shot by Aleksander Barkov.
13:21 of 1st period - Goal by Aleksander Barkov - Vancouver Canucks : 1 - Montreal Canadiens : 0.
13:22 of 1st period - Aleksander Barkov wins face-off versus Sidney Crosby in neutral zone.
13:35 of 1st period - Miro Heiskanen is hit by Sidney Crosby and loses puck.
13:36 of 1st period - Miro Heiskanen from Vancouver Canucks is injured at 13:36 of 1st period (Back).
13:37 of 1st period - Dylan Larkin wins face-off versus Casey Mittelstadt in Vancouver Canucks zone.
13:40 of 1st period - Wrist shot by Jonathan Marchessault.
13:40 of 1st period - Stopped by Ville Husso with a rebound.
13:42 of 1st period - Wrist shot by Patrik Laine.
13:42 of 1st period - Montreal Canadiens goal is going for a video replay.
13:42 of 1st period - The goal is good.
13:42 of 1st period - Goal by Patrik Laine - Vancouver Canucks : 1 - Montreal Canadiens : 1.
13:43 of 1st period - Sidney Crosby wins face-off versus Casey Mittelstadt in neutral zone.
13:46 of 1st period - Wrist shot by Filip Forsberg.
13:46 of 1st period - Stopped by Ville Husso without a rebound.
13:47 of 1st period - Casey Mittelstadt wins face-off versus Sidney Crosby in Vancouver Canucks zone.
13:52 of 1st period - Wrist shot by Casey Mittelstadt.
13:52 of 1st period - Shot Hit the Post.
13:54 of 1st period - Slapshot by Artturi Lehkonen.
13:54 of 1st period - Shot Hit the Post.
13:56 of 1st period - Wrist shot by Nikita Zadorov.
13:56 of 1st period - Stopped by Jacob Markstrom with a rebound.
13:58 of 1st period - Snap shot by Casey Mittelstadt.
13:58 of 1st period - Shot Misses the Net.
14:00 of 1st period - Wrist shot by Noah Hanifin.
14:00 of 1st period - Stopped by Jacob Markstrom without a rebound.
14:01 of 1st period - Aleksander Barkov wins face-off versus Dylan Larkin in Montreal Canadiens zone.
14:06 of 1st period - Snap shot by Aleksander Barkov.
14:06 of 1st period - Stopped by Jacob Markstrom without a rebound.
14:07 of 1st period - Aleksander Barkov wins face-off versus Dylan Larkin in Montreal Canadiens zone.
14:43 of 1st period - Minor Penalty to Robby Fabbri for Holding Stick.
14:44 of 1st period - Sidney Crosby wins face-off versus Mikko Rantanen in Vancouver Canucks zone.
16:43 of 1st period - Penalty to Robby Fabbri is over, Robby Fabbri is back on ice.
17:07 of 1st period - Slapshot by Dylan Larkin.
17:07 of 1st period - Deflect By Tyson Jost.
17:07 of 1st period - Stopped by Ville Husso with a rebound.
17:09 of 1st period - Backhand shot by Jake Evans.
17:09 of 1st period - Shot Blocked by Nikita Zadorov.
17:11 of 1st period - Slapshot by Adam Fox.
17:11 of 1st period - Deflect By Jake Evans.
17:11 of 1st period - Shot Misses the Net.
17:11 of 1st period - Puck is out of play.
17:12 of 1st period - Tyson Jost wins face-off versus Casey Mittelstadt in Vancouver Canucks zone.
17:13 of 1st period - Snap shot by Jake Evans.
17:13 of 1st period - Shot Hit the Post.
17:15 of 1st period - Slapshot by Tomas Nosek.
17:15 of 1st period - Shot Blocked by Nikita Zadorov.
17:17 of 1st period - Slapshot by Tyson Jost.
17:17 of 1st period - Stopped by Ville Husso with a rebound.
17:19 of 1st period - Snap shot by Tomas Nosek.
17:19 of 1st period - Shot Blocked by Nikita Zadorov.
18:24 of 1st period - Snap shot by Aleksander Barkov.
18:24 of 1st period - Stopped by Jacob Markstrom without a rebound.
18:25 of 1st period - Aleksander Barkov wins face-off versus Tyson Jost in Montreal Canadiens zone.
18:30 of 1st period - Snap shot by Mikko Rantanen.
18:30 of 1st period - Stopped by Jacob Markstrom without a rebound.
18:31 of 1st period - Sidney Crosby wins face-off versus Clayton Keller in Montreal Canadiens zone.
19:30 of 1st period - Alex Formenton is hit by Miles Wood and loses puck.
19:45 of 1st period - Alexandre Carrier is hit by Clayton Keller and loses puck.
Goals for this period are 1 for Vancouver Canucks vs 1 for Montreal Canadiens.
Shots for this period are 9 for Vancouver Canucks vs 12 for Montreal Canadiens.
2nd period
0:01 of 2nd period - Dylan Larkin wins face-off versus Aleksander Barkov in neutral zone.
0:06 of 2nd period - Wrist shot by Patrik Laine.
0:06 of 2nd period - Stopped by Ville Husso without a rebound.
0:07 of 2nd period - Dylan Larkin wins face-off versus Aleksander Barkov in Vancouver Canucks zone.
0:16 of 2nd period - Wrist shot by Dylan Larkin.
0:16 of 2nd period - Shot Misses the Net.
0:18 of 2nd period - Slapshot by Jonathan Marchessault.
0:18 of 2nd period - Deflect By Dylan Larkin.
0:18 of 2nd period - Shot Blocked by Clayton Keller.
0:18 of 2nd period - Puck is out of play.
0:19 of 2nd period - Sidney Crosby wins face-off versus Aleksander Barkov in Vancouver Canucks zone.
0:36 of 2nd period - Wrist shot by Filip Forsberg.
0:36 of 2nd period - Stopped by Ville Husso without a rebound.
0:37 of 2nd period - Dylan Larkin wins face-off versus Casey Mittelstadt in Vancouver Canucks zone.
0:45 of 2nd period - Minor Penalty to Nikita Zadorov for Boarding.
0:46 of 2nd period - Sidney Crosby wins face-off versus Mikko Rantanen in Vancouver Canucks zone.
1:08 of 2nd period - Minor Penalty to Alex Formenton for Hooking.
1:09 of 2nd period - Sidney Crosby wins face-off versus Clayton Keller in Vancouver Canucks zone.
2:04 of 2nd period - Noah Hanifin is hit by Filip Forsberg and loses puck.
2:45 of 2nd period - Penalty to Nikita Zadorov is over, Nikita Zadorov is back on ice.
3:08 of 2nd period - Penalty to Alex Formenton is over, Alex Formenton is back on ice.
3:32 of 2nd period - Snap shot by Christian Fischer.
3:32 of 2nd period - Stopped by Ville Husso with a rebound.
5:21 of 2nd period - Jacob Bryson is hit by Tomas Nosek and loses puck.
5:42 of 2nd period - Jacob Bryson is hit by Brady Skjei and loses puck.
6:04 of 2nd period - Icing by Jonathan Marchessault.
6:05 of 2nd period - Aleksander Barkov wins face-off versus Dylan Larkin in Montreal Canadiens zone.
6:06 of 2nd period - Snap shot by Mikko Rantanen.
6:06 of 2nd period - Shot Misses the Net.
6:08 of 2nd period - Wrist shot by Taylor Raddysh.
6:08 of 2nd period - Stopped by Jacob Markstrom with a rebound.
6:10 of 2nd period - Snap shot by Noah Cates.
6:10 of 2nd period - Shot Misses the Net.
6:12 of 2nd period - Slapshot by Adam Boqvist.
6:12 of 2nd period - Deflect By Dylan Larkin.
6:12 of 2nd period - Stopped by Jacob Markstrom without a rebound.
6:13 of 2nd period - Sidney Crosby wins face-off versus Nathan Smith in Montreal Canadiens zone.
6:22 of 2nd period - Wrist shot by Taylor Raddysh.
6:22 of 2nd period - Stopped by Jacob Markstrom without a rebound.
6:23 of 2nd period - Aleksander Barkov wins face-off versus Sidney Crosby in Montreal Canadiens zone.
6:24 of 2nd period - Wrist shot by Mikko Rantanen.
6:24 of 2nd period - Shot Misses the Net.
6:36 of 2nd period - Wrist shot by Aleksander Barkov.
6:36 of 2nd period - Shot Blocked by Brady Skjei.
6:38 of 2nd period - Snap shot by Clayton Keller.
6:38 of 2nd period - Stopped by Jacob Markstrom with a rebound.
6:40 of 2nd period - Snap shot by Mikko Rantanen.
6:40 of 2nd period - Shot Misses the Net.
6:54 of 2nd period - Wrist shot by Patrik Laine.
6:54 of 2nd period - Goal by Patrik Laine - Vancouver Canucks : 1 - Montreal Canadiens : 2.
6:55 of 2nd period - Dylan Larkin wins face-off versus Aleksander Barkov in neutral zone.
7:08 of 2nd period - Snap shot by Aleksander Barkov.
7:08 of 2nd period - Stopped by Jacob Markstrom with a rebound.
7:10 of 2nd period - Wrist shot by Clayton Keller.
7:10 of 2nd period - Stopped by Jacob Markstrom without a rebound.
7:11 of 2nd period - Casey Mittelstadt wins face-off versus Sidney Crosby in Montreal Canadiens zone.
7:20 of 2nd period - Snap shot by Robby Fabbri.
7:20 of 2nd period - Stopped by Jacob Markstrom with a rebound.
7:22 of 2nd period - Snap shot by Artturi Lehkonen.
7:22 of 2nd period - Shot Blocked by Tyler Myers.
7:24 of 2nd period - Snap shot by Casey Mittelstadt.
7:24 of 2nd period - Goal by Casey Mittelstadt - Vancouver Canucks : 2 - Montreal Canadiens : 2.
7:25 of 2nd period - Aleksander Barkov wins face-off versus Dylan Larkin in neutral zone.
8:17 of 2nd period - Snap shot by Jake Evans.
8:17 of 2nd period - Shot Misses the Net.
8:28 of 2nd period - Adam Fox is hit by Artturi Lehkonen and loses puck.
9:27 of 2nd period - Snap shot by Christian Fischer.
9:27 of 2nd period - Deflect By Jonathan Marchessault.
9:27 of 2nd period - Stopped by Ville Husso with a rebound.
9:29 of 2nd period - Slapshot by Filip Hronek.
9:29 of 2nd period - Deflect By Patrik Laine.
9:29 of 2nd period - Shot Misses the Net.
9:29 of 2nd period - Puck is out of play.
9:30 of 2nd period - Aleksander Barkov wins face-off versus Dylan Larkin in Vancouver Canucks zone.
9:49 of 2nd period - Snap shot by Dylan Larkin.
9:49 of 2nd period - Shot Misses the Net.
9:59 of 2nd period - Slapshot by Patrik Laine.
9:59 of 2nd period - Shot Blocked by Noah Hanifin.
10:01 of 2nd period - Backhand shot by Patrik Laine.
10:01 of 2nd period - Shot Misses the Net.
10:03 of 2nd period - Wrist shot by Jonathan Marchessault.
10:03 of 2nd period - Shot Blocked by Clayton Keller.
10:07 of 2nd period - Wrist shot by Dylan Larkin.
10:07 of 2nd period - Stopped by Ville Husso without a rebound.
10:08 of 2nd period - Casey Mittelstadt wins face-off versus Sidney Crosby in Vancouver Canucks zone.
10:13 of 2nd period - Snap shot by Filip Forsberg.
10:13 of 2nd period - Shot Misses the Net.
10:15 of 2nd period - Snap shot by Filip Forsberg.
10:15 of 2nd period - Shot Blocked by Casey Mittelstadt.
10:17 of 2nd period - Wrist shot by Sidney Crosby.
10:17 of 2nd period - Stopped by Ville Husso with a rebound.
10:19 of 2nd period - Slapshot by Scott Mayfield.
10:19 of 2nd period - Stopped by Ville Husso without a rebound.
10:20 of 2nd period - Casey Mittelstadt wins face-off versus Filip Forsberg in Vancouver Canucks zone.
10:56 of 2nd period - Snap shot by Patrik Laine.
10:56 of 2nd period - Stopped by Ville Husso with a rebound.
11:19 of 2nd period - Snap shot by Jake Evans.
11:19 of 2nd period - Shot Misses the Net.
11:21 of 2nd period - Snap shot by Jake Evans.
11:21 of 2nd period - Shot Blocked by Kasperi Kapanen.
11:23 of 2nd period - Slapshot by Brady Skjei.
11:23 of 2nd period - Shot Misses the Net.
12:07 of 2nd period - Slapshot by Casey Mittelstadt.
12:07 of 2nd period - Shot Misses the Net.
12:33 of 2nd period - Tomas Nosek is hit by Nikita Zadorov.
13:12 of 2nd period - Slapshot by Filip Hronek.
13:12 of 2nd period - Stopped by Ville Husso without a rebound.
13:13 of 2nd period - Casey Mittelstadt wins face-off versus Dylan Larkin in Vancouver Canucks zone.
13:18 of 2nd period - Adam Fox is hit by Robby Fabbri and loses puck.
13:29 of 2nd period - Slapshot by Dylan Larkin.
13:29 of 2nd period - Shot Misses the Net.
13:39 of 2nd period - Robby Fabbri is hit by Martin Necas and loses puck.
13:54 of 2nd period - Wrist shot by Casey Mittelstadt.
13:54 of 2nd period - Shot Blocked by Sidney Crosby.
13:56 of 2nd period - Slapshot by Artturi Lehkonen.
13:56 of 2nd period - Deflect By Sidney Crosby.
13:56 of 2nd period - Stopped by Jacob Markstrom with a rebound.
13:58 of 2nd period - Slapshot by Noah Hanifin.
13:58 of 2nd period - Stopped by Jacob Markstrom with a rebound.
14:00 of 2nd period - Snap shot by Noah Hanifin.
14:00 of 2nd period - Shot Blocked by Filip Hronek.
14:02 of 2nd period - Snap shot by Robby Fabbri.
14:02 of 2nd period - Stopped by Jacob Markstrom with a rebound.
14:04 of 2nd period - Wrist shot by Robby Fabbri.
14:04 of 2nd period - Goal by Robby Fabbri - Vancouver Canucks : 3 - Montreal Canadiens : 2.
14:05 of 2nd period - Aleksander Barkov wins face-off versus Tyson Jost in neutral zone.
14:12 of 2nd period - Wrist shot by Aleksander Barkov.
14:12 of 2nd period - Deflect By Mikko Rantanen.
14:12 of 2nd period - Stopped by Jacob Markstrom without a rebound.
14:13 of 2nd period - Tyson Jost wins face-off versus Aleksander Barkov in Montreal Canadiens zone.
15:11 of 2nd period - Icing by Miles Wood.
15:12 of 2nd period - Casey Mittelstadt wins face-off versus Tyson Jost in Montreal Canadiens zone.
15:37 of 2nd period - Patrik Laine is hit by Kasperi Kapanen and loses puck.
15:44 of 2nd period - Snap shot by Adam Fox.
15:44 of 2nd period - Stopped by Ville Husso with a rebound.
15:58 of 2nd period - Filip Hronek is hit by Nathan Smith and loses puck.
17:36 of 2nd period - Dylan Larkin is hit by Nikita Zadorov and loses puck.
17:44 of 2nd period - Icing by Jonathan Marchessault.
17:45 of 2nd period - Dylan Larkin wins face-off versus Jesperi Kotkaniemi in Montreal Canadiens zone.
18:01 of 2nd period - Snap shot by Kasperi Kapanen.
18:01 of 2nd period - Stopped by Jacob Markstrom with a rebound.
18:35 of 2nd period - Slapshot by Jake Evans.
18:35 of 2nd period - Shot Misses the Net.
18:37 of 2nd period - Snap shot by Miles Wood.
18:37 of 2nd period - Stopped by Ville Husso without a rebound.
18:38 of 2nd period - Casey Mittelstadt wins face-off versus Tyson Jost in Vancouver Canucks zone.
18:38 of 2nd period - Casey Mittelstadt is hit by Jake Evans.
18:54 of 2nd period - Backhand shot by Artturi Lehkonen.
18:54 of 2nd period - Stopped by Jacob Markstrom with a rebound.
18:56 of 2nd period - Wrist shot by Casey Mittelstadt.
18:56 of 2nd period - Shot Misses the Net.
19:00 of 2nd period - Wrist shot by Casey Mittelstadt.
19:00 of 2nd period - Stopped by Jacob Markstrom without a rebound.
19:01 of 2nd period - Aleksander Barkov wins face-off versus Sidney Crosby in Montreal Canadiens zone.
19:14 of 2nd period - Snap shot by Mikko Rantanen.
19:14 of 2nd period - Deflect By Clayton Keller.
19:14 of 2nd period - Goal by Clayton Keller - Vancouver Canucks : 4 - Montreal Canadiens : 2.
19:15 of 2nd period - Clayton Keller wins face-off versus Sidney Crosby in neutral zone.
19:18 of 2nd period - Adam Fox is hit by Noah Hanifin and loses puck.
19:27 of 2nd period - Wrist shot by Aleksander Barkov.
19:27 of 2nd period - Stopped by Jacob Markstrom without a rebound.
19:28 of 2nd period - Aleksander Barkov wins face-off versus Dylan Larkin in Montreal Canadiens zone.
19:37 of 2nd period - Snap shot by Aleksander Barkov.
19:37 of 2nd period - Stopped by Jacob Markstrom with a rebound.
19:39 of 2nd period - Snap shot by Aleksander Barkov.
19:39 of 2nd period - Shot Blocked by Tyler Myers.
19:41 of 2nd period - Snap shot by Clayton Keller.
19:41 of 2nd period - Shot Misses the Net.
19:43 of 2nd period - Wrist shot by Clayton Keller.
19:43 of 2nd period - Stopped by Jacob Markstrom with a rebound.
19:45 of 2nd period - Snap shot by Nikita Zadorov.
19:45 of 2nd period - Stopped by Jacob Markstrom with a rebound.
19:55 of 2nd period - Robby Fabbri is hit by Filip Forsberg and loses puck.
Goals for this period are 3 for Vancouver Canucks vs 1 for Montreal Canadiens.
Shots for this period are 21 for Vancouver Canucks vs 12 for Montreal Canadiens.
3rd period
0:01 of 3rd period - Aleksander Barkov wins face-off versus Sidney Crosby in neutral zone.
0:26 of 3rd period - Clayton Keller is hit by Tyler Myers and loses puck.
0:55 of 3rd period - Filip Hronek is hit by Olli Maatta.
1:21 of 3rd period - Snap shot by Taylor Raddysh.
1:21 of 3rd period - Shot Misses the Net.
1:23 of 3rd period - Slapshot by Olli Maatta.
1:23 of 3rd period - Stopped by Jacob Markstrom without a rebound.
1:24 of 3rd period - Sidney Crosby wins face-off versus Taylor Raddysh in Montreal Canadiens zone.
1:31 of 3rd period - Slapshot by Noah Cates.
1:31 of 3rd period - Stopped by Jacob Markstrom with a rebound.
1:33 of 3rd period - Wrist shot by Taylor Raddysh.
1:33 of 3rd period - Stopped by Jacob Markstrom without a rebound.
1:34 of 3rd period - Jesperi Kotkaniemi wins face-off versus Sidney Crosby in Montreal Canadiens zone.
1:47 of 3rd period - Snap shot by Kasperi Kapanen.
1:47 of 3rd period - Deflect By Martin Necas.
1:47 of 3rd period - Shot Misses the Net.
1:47 of 3rd period - Puck is out of play.
1:48 of 3rd period - Aleksander Barkov wins face-off versus Dylan Larkin in Montreal Canadiens zone.
1:57 of 3rd period - Slapshot by Mikko Rantanen.
1:57 of 3rd period - Shot Misses the Net.
1:59 of 3rd period - Wrist shot by Clayton Keller.
1:59 of 3rd period - Deflect By Aleksander Barkov.
1:59 of 3rd period - Stopped by Jacob Markstrom with a rebound.
2:01 of 3rd period - Slapshot by Nikita Zadorov.
2:01 of 3rd period - Stopped by Jacob Markstrom with a rebound.
2:03 of 3rd period - Slapshot by Aleksander Barkov.
2:03 of 3rd period - Shot Hit the Post.
3:19 of 3rd period - Snap shot by Laurent Dauphin.
3:19 of 3rd period - Stopped by Ville Husso without a rebound.
3:20 of 3rd period - Casey Mittelstadt wins face-off versus Tomas Nosek in Vancouver Canucks zone.
3:29 of 3rd period - Slapshot by Olli Maatta.
3:29 of 3rd period - Stopped by Jacob Markstrom without a rebound.
3:30 of 3rd period - Casey Mittelstadt wins face-off versus Dylan Larkin in Montreal Canadiens zone.
3:43 of 3rd period - Filip Hronek is hit by Artturi Lehkonen.
4:27 of 3rd period - Wrist shot by Artturi Lehkonen.
4:27 of 3rd period - Goal by Artturi Lehkonen - Vancouver Canucks : 5 - Montreal Canadiens : 2.
4:28 of 3rd period - Aleksander Barkov wins face-off versus Tyson Jost in neutral zone.
4:39 of 3rd period - Snap shot by Adam Fox.
4:39 of 3rd period - Stopped by Ville Husso without a rebound.
4:40 of 3rd period - Aleksander Barkov wins face-off versus Sidney Crosby in Vancouver Canucks zone.
5:15 of 3rd period - Slapshot by Jake Evans.
5:15 of 3rd period - Stopped by Ville Husso with a rebound.
5:17 of 3rd period - Slapshot by Tyler Myers.
5:17 of 3rd period - Stopped by Ville Husso without a rebound.
5:18 of 3rd period - Casey Mittelstadt wins face-off versus Tyson Jost in Vancouver Canucks zone.
5:33 of 3rd period - Wrist shot by Casey Mittelstadt.
5:33 of 3rd period - Stopped by Jacob Markstrom with a rebound.
5:43 of 3rd period - Clayton Keller is hit by Sidney Crosby and loses puck.
6:18 of 3rd period - Snap shot by Patrik Laine.
6:18 of 3rd period - Stopped by Ville Husso without a rebound.
6:19 of 3rd period - Tyson Jost wins face-off versus Casey Mittelstadt in Vancouver Canucks zone.
6:24 of 3rd period - Snap shot by Miles Wood.
6:24 of 3rd period - Shot Blocked by Adam Boqvist.
6:26 of 3rd period - Wrist shot by Tyson Jost.
6:26 of 3rd period - Goal by Tyson Jost - Vancouver Canucks : 5 - Montreal Canadiens : 3.
6:27 of 3rd period - Aleksander Barkov wins face-off versus Sidney Crosby in neutral zone.
8:05 of 3rd period - Snap shot by Filip Forsberg.
8:05 of 3rd period - Stopped by Ville Husso with a rebound.
9:06 of 3rd period - Snap shot by Taylor Raddysh.
9:06 of 3rd period - Stopped by Jacob Markstrom with a rebound.
9:18 of 3rd period - Clayton Keller is hit by Tyler Myers and loses puck.
9:35 of 3rd period - Jake Evans is hit by Alex Formenton and loses puck.
10:06 of 3rd period - Alexandre Carrier is hit by Taylor Raddysh and loses puck.
10:27 of 3rd period - Wrist shot by Christian Fischer.
10:27 of 3rd period - Shot Blocked by Adam Boqvist.
10:33 of 3rd period - Christian Fischer is hit by Clayton Keller and loses puck.
11:30 of 3rd period - Slapshot by Kasperi Kapanen.
11:30 of 3rd period - Deflect By Alex Formenton.
11:30 of 3rd period - Shot Blocked by Martin Necas.
11:30 of 3rd period - Puck is out of play.
11:31 of 3rd period - Sidney Crosby wins face-off versus Jesperi Kotkaniemi in Montreal Canadiens zone.
11:56 of 3rd period - Snap shot by Sidney Crosby.
11:56 of 3rd period - Stopped by Ville Husso without a rebound.
11:57 of 3rd period - Aleksander Barkov wins face-off versus Patrik Laine in Vancouver Canucks zone.
12:29 of 3rd period - Slapshot by Filip Hronek.
12:29 of 3rd period - Shot Misses the Net.
12:31 of 3rd period - Slapshot by Tyson Jost.
12:31 of 3rd period - Shot Blocked by Artturi Lehkonen.
12:33 of 3rd period - Snap shot by Miles Wood.
12:33 of 3rd period - Shot Misses the Net.
12:35 of 3rd period - Wrist shot by Tyson Jost.
12:35 of 3rd period - Stopped by Ville Husso without a rebound.
12:36 of 3rd period - Jesperi Kotkaniemi wins face-off versus Tyson Jost in Vancouver Canucks zone.
13:01 of 3rd period - Filip Hronek is hit by Adam Boqvist and loses puck.
14:32 of 3rd period - Slapshot by Christian Fischer.
14:32 of 3rd period - Stopped by Ville Husso with a rebound.
14:44 of 3rd period - Minor Penalty to Alex Formenton for Hooking.
14:45 of 3rd period - Mikko Rantanen wins face-off versus Sidney Crosby in Vancouver Canucks zone.
14:45 of 3rd period - Mikko Rantanen is hit by Sidney Crosby.
15:43 of 3rd period - Noah Hanifin is hit by Adam Fox.
16:44 of 3rd period - Penalty to Alex Formenton is over, Alex Formenton is back on ice.
17:03 of 3rd period - Wrist shot by Laurent Dauphin.
17:03 of 3rd period - Shot Misses the Net.
18:29 of 3rd period - Icing by Scott Mayfield.
18:30 of 3rd period - Sidney Crosby wins face-off versus Nathan Smith in Montreal Canadiens zone.
18:55 of 3rd period - Jesperi Kotkaniemi is hit by Scott Mayfield and loses puck.
19:11 of 3rd period - Noah Hanifin is hit by Martin Necas and loses puck.
19:26 of 3rd period - Olli Maatta is hit by Brady Skjei and loses puck.
19:33 of 3rd period - Slapshot by Miles Wood.
19:33 of 3rd period - Stopped by Ville Husso with a rebound.
Goals for this period are 1 for Vancouver Canucks vs 1 for Montreal Canadiens.
Shots for this period are 9 for Vancouver Canucks vs 11 for Montreal Canadiens.
Back to the Top